 Dungeon Crawl Stone Soup version 0.27-a0-681-g0c81a3c1c3 (webtiles) character file.

Game seed: 14171089016250689998

529 Wryer the Skirmisher (level 7, 0/55 HPs)
             Began as a Demonspawn Abyssal Knight on Mar 19, 2021.
             Was a Priest of Lugonu.
             Slain by a gnoll
             ... wielding a +0 halberd
              (6 damage)
             ... on level 4 of the Dungeon.
             The game lasted 00:18:13 (3744 turns).

Wryer the Skirmisher (Demonspawn Abyssal Knight)    Turns: 3744, Time: 00:18:13

Health: 0/55       AC: 12    Str: 14    XL:     7   Next: 3%
Magic:  18/18      EV: 10    Int: 14    God:    Lugonu [***...]
Gold:   179        SH:  0    Dex: 12    Spells: 7/8 levels left

rFire    . . .     SeeInvis .   p - +0 bardiche
rCold    . . .     Faith    .   (shield currently unavailable)
rNeg     . . .     Spirit   .   g - +0 ring mail
rPois    .         Reflect  .   (no helmet)
rElec    .         Harm     .   (no cloak)
rCorr    .         Rampage  .   (no gloves)
Will     .....                  d - +0 pair of boots
Stlth    +.........             (no amulet)
HPRegen  0.18/turn              e - ring of magical power
MPRegen  0.16/turn              f - +4 ring of protection

@: coronaed, glowing
A: thin metallic scales 1, powered by pain 1, spiny 2
a: Renounce Religion, Depart the Abyss, Bend Space, Banish


You were on level 4 of the Dungeon.
You worshipped Lugonu.
Lugonu was most pleased with you.
You visited 1 branch of the dungeon, and saw 4 of its levels.
You visited the Abyss 1 time.
You also visited: Sewer.

You collected 179 gold pieces.

Inventory:

Hand Weapons
 a - a +1 mace
 p - a +0 bardiche (weapon)
 r - a +0 trident of protection
 C - a +0 mace of holy wrath
Missiles
 m - 7 boomerangs (quivered)
Armour
 b - a +0 leather armour
 d - a +0 pair of boots (worn)
 g - a +0 ring mail (worn)
 w - a +0 kite shield
Jewellery
 e - a ring of magical power (right hand)
 f - a +4 ring of protection (left hand)
 y - a ring of protection from fire
Wands
 n - a wand of random effects (9)
 t - a wand of flame (22)
Scrolls
 c - 2 scrolls of blinking {unknown}
 h - 2 scrolls of teleportation
 i - a scroll of identify {unknown}
 j - a scroll of holy word {unknown}
 l - 2 scrolls of magic mapping {unknown}
 o - a scroll of random uselessness {unknown}
 s - a scroll of silence {unknown}
 x - a scroll of enchant weapon {unknown}
Potions
 k - a potion of attraction {unknown}
 q - a potion of magic
 u - a potion of resistance {unknown}
 v - 3 potions of curing
 z - a potion of berserk rage {unknown}
 A - a potion of brilliance {unknown}
 B - 3 potions of might


   Skills:
 + Level 4.5 Fighting
 + Level 2.8 Maces & Flails
 + Level 3.2 Polearms
 + Level 3.5 Armour
 + Level 1.2 Dodging
 + Level 1.0 Stealth
 + Level 1.0 Spellcasting
 + Level 1.3 Summonings
 + Level 2.8 Invocations


You had 7 spell levels left.
You knew the following spells:

 Your Spells              Type           Power      Damage    Failure   Level
a - Summon Small Mammal   Summ           16%        N/A       30%         1

Your spell library contained the following spells:

 Spells                   Type           Power      Damage    Failure   Level
 Animate Skeleton         Necr           0%         N/A       45%         1
 Apportation              Tloc           0%         N/A       45%         1
 Corona                   Hex            0%         N/A       45%         1


Dungeon Overview and Level Annotations

Branches:
Dungeon (4/15)              Sewer (visited)
 Temple: D:4-7

Altars:
Cheibriados
Kikubaaqudgha
Ru

Shops:
D:2 *!


Innate Abilities, Weirdness & Mutations

You are partially covered in thin metallic scales. (AC +2)
You sometimes gain a little power by taking damage.
You are mostly covered in sharp spines.


Message History

You closely miss the gnoll.
The gnoll is moderately wounded.
The gnoll is struck by your spines. The gnoll barely misses you.
The gnoll is struck by your spines.
You kill the gnoll!
Lugonu accepts your kill.
You hit the howler monkey.
The howler monkey is moderately wounded.
The howler monkey is struck by your spines.
The howler monkey hits you but does no damage.
The gnoll closely misses you.
The howler monkey hoots and howls with incredible vigour!
You hear a shout! x2
You slash the howler monkey!
You kill the howler monkey!
Lugonu accepts your kill. The gnoll closely misses you.
The gnoll hits you but does no damage.
Your Spellcasting skill increases to level 1!
You have reached level 7!
Your demonic ancestry asserts itself...
Thin metallic scales grow over part of your body.
Reach: p) +0 bardiche
Press: ? - help, Dir - move target, f - gnoll
Aim: a gnoll, wielding a +0 halberd (about 50% to evade your +0 bardiche)
You reach to attack!
You hit the gnoll.
The gnoll is moderately wounded.
The gnoll hits you from afar with a +0 halberd.
The gnoll closely misses you. The gnoll is struck by your spines.
The gnoll hits you with a +0 halberd!
* * * LOW HITPOINT WARNING * * *
Items here: ! ))) [ ††.
You hit the gnoll.
The gnoll is severely wounded.
The gnoll hits you with a +0 halberd.
* * * LOW HITPOINT WARNING * * *
The gnoll is struck by your spines. The gnoll closely misses you.
You closely miss the gnoll.
The gnoll is almost dead.
The gnoll hits you with a +0 halberd.
You die...

#.#.#.#.#.#.#.#.#.#.#.#.
.#.#.#.#.#.#.#.#.#.#.#..
#.#.#.#.#.#.#.#.#.#.#.#
#.#.#.#.#.#.#.#.#.#.#.
#.#.#.#.#.#.#.#.#.#.
#.#.#.#.#.#.#.#.#.
#.#.#.#.#.#.#.#.
#.#.#.#.#.#.#.#.
#.#.#@#.#.#.#.#.
#.#.#g#.#.#.#.#. #.#.#.#
#.#.#.#. #.#.... ..#.#.
.#.... ..#.# .#..#
.#.#.# #..# .#.#. .#.
#.#.


You could see a gnoll.

Vanquished Creatures
  An ogre (D:4)
  2 howler monkeys (D:4)
  A gnoll shaman (D:4)
  Terence (D:2)
  Natasha (thrice) (D:2)
  A hound skeleton (D:4)
  Robin (D:2)
  4 gnolls (D:4)
  5 adders
  6 river rats (Sewer)
  A worm (D:2)
  A leopard gecko (D:2)
  6 orcs
  4 bats
  3 giant cockroaches
  15 goblins
  13 hobgoblins
  8 kobolds
  7 ball pythons
  8 frilled lizards
  13 rats
104 creatures vanquished.

Vanquished Creatures (collateral kills)
  A frilled lizard (Sewer)
1 creature vanquished.

Vanquished Creatures (others)
  4 plants (D:3)
4 creatures vanquished.

Grand Total: 109 creatures vanquished

Notes
Turn   | Place    | Note
-------+----------+-------------------------------------------
     0 | Abyss:1  | Wryer the Demonspawn Abyssal Knight began the quest for the
                  | Orb.
     0 | Abyss:1  | Reached XP level 1. HP: 18/18 MP: 2/2
   105 | Abyss:1  | Noticed a thrashing horror
   109 | D:1      | Escaped the Abyss
   212 | D:1      | Reached * piety under Lugonu
   225 | D:1      | Gained mutation: You are partially covered in sharp spines.
                  | [demonic ancestry]
   225 | D:1      | Reached XP level 2. HP: 11/24 MP: 3/3
   931 | D:2      | Gained mutation: You are mostly covered in sharp spines.
                  | [demonic ancestry]
   931 | D:2      | Reached XP level 3. HP: 30/30 MP: 5/5
  1178 | D:2      | Found an ancient bone altar of Kikubaaqudgha.
  1186 | D:2      | Noticed Natasha
  1193 | D:2      | Killed Natasha
  1194 | D:2      | Reached skill level 4 in Fighting
  1194 | D:2      | Reached skill level 1 in Dodging
  1194 | D:2      | Reached XP level 4. HP: 25/37 MP: 6/6
  1333 | D:2      | Noticed Robin
  1337 | D:2      | Killed Robin
  1342 | D:2      | Reached ** piety under Lugonu
  1844 | D:2      | Noticed Natasha
  1850 | D:2      | Killed Natasha
  1851 | D:2      | Reached skill level 1 in Polearms
  1851 | D:2      | Gained mutation: You sometimes gain a little power by
                  | taking damage. [demonic ancestry]
  1851 | D:2      | Reached XP level 5. HP: 12/42 MP: 7/7
  1856 | D:2      | Noticed Natasha
  1862 | D:2      | Killed Natasha
  1920 | D:2      | Found Gup Guom's Distillery.
  1996 | D:2      | Noticed Terence
  2005 | D:2      | Killed Terence
  2184 | D:2      | Found Secauruu's Assorted Antiques.
  2495 | D:3      | Found a snail-covered altar of Cheibriados.
  2540 | D:3      | Learned a level 1 spell: Summon Small Mammal
  2601 | D:3      | Found a sacrificial altar of Ru.
  2769 | D:3      | Found a glowing drain.
  2774 | Sewer    | Entered a sewer
  3002 | Sewer    | Reached XP level 6. HP: 35/48 MP: 8/8
  3605 | D:4      | Reached *** piety under Lugonu
  3606 | D:4      | Reached skill level 1 in Stealth
  3729 | D:4      | Reached skill level 1 in Summonings
  3741 | D:4      | Reached skill level 1 in Spellcasting
  3741 | D:4      | Gained mutation: You are partially covered in thin metallic
                  | scales. (AC +2) [demonic ancestry]
  3741 | D:4      | Reached XP level 7. HP: 23/55 MP: 9/9
  3744 | D:4      | Slain by a gnoll

Illustrated notes

Levels and vault maps discovered:
D:1:      minmay_arrival_arboretum_small, layout_basic
D:2:      layout_loops_ring, nicolae_overflow_crystal_walls, serial_shops, shop,
          shop, grunt_ministairs_14, uniq_robin, uniq_natasha, uniq_terence
D:3:      layout_rooms, nicolae_overflow_hidden_temple, lemuel_doored_altar,
          portal_sewer_entry_e, chequers_big_river
D:4:      layout_basic, minmay_temple_entry_grid, kennysheep_generic_room_15

Skill      XL: |  1  2  3  4  5  6 |
---------------+-------------------+-----
Maces & Flails | 2 |  2.8
Armour         | 2 3 |  3.5
Fighting       | 4 |  4.5
Dodging        | 1 |  1.2
Polearms       | 1 2 3 |  3.2
Stealth        | 1 |  1.0
Summonings     | 1 |  1.3
Spellcasting   | 1 |  1.0
Invocations    | |  2.8

Action                   |  1- 3 |  4- 6 |  7- 9 || total
-------------------------+-------+-------+-------++-------
Melee: Mace              |    48 |       |       ||    48
       Bardiche          |     9 |   127 |     3 ||   139
 Cast: Summon Small Mamm |       |     7 |       ||     7
Invok: Depart the Abyss  |     1 |       |       ||     1
  Use: Potion            |     1 |     5 |       ||     6
       Scroll            |       |     1 |       ||     1
 Stab: Distracted        |       |     1 |       ||     1
Armor: Leather armour    |     4 |       |       ||     4
       Ring mail         |    17 |    45 |       ||    62
Dodge: Dodged            |    29 |    59 |     2 ||    90

Table legend: (Time is in decaauts)
 A = Elapsed time spent in this place.
 B = Non-inter-level travel time spent in this place.
 C = Inter-level travel time spent in this place.
 D = Time resting spent in this place.
 E = Time spent auto-exploring this place.
 F = Levels seen in this place.
 G = Mean time per level.
                   A        B        C        D        E       F      G
               +--------+--------+--------+--------+--------+-----+--------+
         Total |   3945 |   3882 |     63 |   1106 |   2039 |   6 |  657.5 |
       Dungeon |   3209 |   3146 |     63 |    911 |   1670 |   4 |  802.2 |
         Abyss |    109 |    109 |      0 |      0 |     98 |   1 |  109.0 |
         Sewer |    627 |    627 |      0 |    195 |    271 |   1 |  627.0 |
               +--------+--------+--------+--------+--------+-----+--------+

Top non-repeatable levels by time:
     D:2: 1426 daAuts
     D:1: 829 daAuts
     D:3: 662 daAuts
   Sewer: 627 daAuts
     D:4: 291 daAuts
 Abyss:1: 109 daAuts
